 Dungeon Crawl Stone Soup version 0.30-a0-782-ge64f9170bb (webtiles) character file.

Game seed: 8591521033177822269

46 Bnni the Stinger (level 3, 0/26 HPs)
             Began as a Formicid Venom Mage on Mar 2, 2023.
             Slain by a hobgoblin
             ... wielding a +0 dagger
              (6 damage)
             ... on level 2 of the Dungeon.
             The game lasted 00:02:29 (1945 turns).

Bnni the Stinger (Formicid Venom Mage)              Turns: 1945, Time: 00:02:29

Health: 0/26       AC:  4    Str: 12    XL:     3   Next: 95%
Magic:  6/7        EV: 12    Int: 16    God:
Gold:   92         SH:  0    Dex: 20    Spells: 4/7 levels left

rFire   . . .      SeeInvis +    k - +3 hand axe (vamp)
rCold   . . .      Faith    .    (no shield)
rNeg    . . .      Spirit   .    a - +0 robe
rPois   .          Reflect  .    (helmet unavailable)
rElec   .          Harm     .    (no cloak)
rCorr   .          Rampage  .    h - +0 pair of gloves
Will    .....                    i - +0 pair of boots
Stlth   ++                       (no amulet)
HPRegen 0.24/turn                e - ring of flight
MPRegen 0.10/turn                c - +6 ring of dexterity

@: flying
A: permanent stasis, dig shafts and tunnels, antennae 3, four strong arms
a: Dig, Shaft Self


You were on level 2 of the Dungeon.
You visited 1 branch of the dungeon, and saw 2 of its levels.

You collected 92 gold pieces.

Inventory:

Hand Weapons
 k - a +3 vampiric hand axe (weapon)
Armour
 a - a +0 robe (worn)
 h - a +0 pair of gloves (worn)
 i - a +0 pair of boots (worn)
Jewellery
 c - a +6 ring of dexterity (right hand)
 e - a ring of flight (left hand)
Scrolls
 d - 2 scrolls of silence {unknown}
 g - a scroll of identify {unknown}
Potions
 b - a potion of magic
 f - a potion of curing {unknown}
 j - 2 potions of degeneration {unknown}


   Skills:
 + Level 1.4 Fighting
 - Level 1.7 Dodging
 - Level 2.4 Stealth
 + Level 2.7 Spellcasting
 - Level 1.1 Transmutations
 * Level 5.1 Poison Magic


You had 4 spell levels left.
You knew the following spells:

 Your Spells              Type           Power      Damage    Failure   Level
a - Sting                 Tmut/Pois      48%        1d5       5%          1
b - Poisonous Vapours     Pois/Air       20%        N/A       10%         2

Your spell library contained the following spells:

 Spells                   Type           Power      Damage    Failure   Level
 Olgreb's Toxic Radiance  Pois           18%        N/A       22%         4
 Mephitic Cloud           Conj/Pois/Air  7%         N/A       28%         3


Dungeon Overview and Level Annotations

Branches:
Dungeon (2/15)

Altars:

Shops:
D:1 [


Innate Abilities, Weirdness & Mutations

You cannot be hasted, slowed, berserked, paralysed or teleported.
You can dig through walls and to a lower floor.
You have a pair of large antennae on your head. (SInv)
Your four strong arms can wield two-handed weapons with a shield.


Message History

The ball python constricts you.
You are too injured to fight recklessly!
Aiming: Sting (safe; 5% risk of failure)
Press: ? - help, Q - select action, (/) - cycle Shift-Dir - straight line, f - ball python
Aim: a ball python (constricting you, 68% to hit)
You miscast Sting.
You are very lightly contaminated with residual magic.
Nothing appears to happen.
The hobgoblin shouts!
You hear an angry hiss.
The ball python bites you but does no damage.
The ball python constricts you.
You are too injured to fight recklessly!
You are too injured to fight recklessly!
You are too injured to fight recklessly!
You are too injured to fight recklessly!
You hit the ball python but do no damage.
A giant cockroach comes into view.
The ball python bites you but does no damage.
The ball python constricts you.
The giant cockroach moves out of view.
You slash the ball python!
You kill the ball python!
The hobgoblin hits you with a +0 dagger.
You see here a ball python corpse.
You are too injured to fight recklessly!
You are too injured to fight recklessly!
You are too injured to fight recklessly!
You hit the hobgoblin.
You feel better.
The hobgoblin is moderately wounded.
The hobgoblin hits you with a +0 dagger.
You barely miss the hobgoblin.
The hobgoblin is moderately wounded.
The hobgoblin hits you but does no damage.
Your magical contamination has completely faded away.
You hit the hobgoblin.
The hobgoblin is severely wounded.
The hobgoblin hits you with a +0 dagger.
* * * LOW HITPOINT WARNING * * *
The hobgoblin hits you with a +0 dagger.
You die...

###########
#..........
######.......##.
#####..<#####''####.
#.......'#≈≈≈..≈≈≈#.
#.###....#≈≈≈..≈≈≈#.
#...####.#≈≈##.#≈≈#.
###@# #.'..#.⌠...'.
#.g....#.'...⌠)#..'.
#...>..###≈≈#.##≈≈##
#......# #≈≈≈..≈≈≈#
..#.#### #≈≈≈..≈≈≈#
##.#.# ####''####
..#.# #....# ####..
#....#### #.......#


You could see a hobgoblin.

Vanquished Creatures
  11 ball pythons
  5 endoplasms
  A giant cockroach (D:1)
  4 goblins
  5 hobgoblins (D:1)
  2 jackals (D:2)
  4 bats (D:1)
  3 frilled lizards
  5 kobolds
  4 rats
44 creatures vanquished.

Notes
Turn   | Place    | Note
-------+----------+-------------------------------------------
     0 | D:1      | Bnni the Formicid Venom Mage began the quest for the Orb.
     0 | D:1      | Reached XP level 1. HP: 13/13 MP: 3/3
    90 | D:1      | Reached XP level 2. HP: 20/20 MP: 0/5
   208 | D:1      | Found Kifoabb's Antique Armour Emporium.
   390 | D:1      | Reached skill level 1 in Fighting
   695 | D:1      | Reached XP level 3. HP: 26/26 MP: 4/6
   982 | D:1      | Learned a level 2 spell: Poisonous Vapours
  1235 | D:1      | Reached skill level 5 in Poison Magic
  1945 | D:2      | Slain by a hobgoblin

Illustrated notes

Levels and vault maps discovered:
D:1:      grunt_arrival_crossed_arrows, layout_loops_corners, serial_shops,
          nicolae_shop_trees, chequers_serial_rivers_micro_e
D:2:      layout_basic, kennysheep_generic_room_4

Skill      XL: |  1  2  3 |
---------------+----------+-----
Fighting       | 1 |  1.4
Poison Magic   | 5 |  5.1
Dodging        | |  1.7
Stealth        | |  2.4
Spellcasting   | |  2.7
Transmutations | |  1.1

Action                     || total
---------------------------++-------
  Melee: Dagger            ||    54
         Hand axe          ||    16
   Cast: Sting             ||    56
   Stab: Sleeping          ||     4
 Armour: Robe              ||    26
  Dodge: Dodged            ||    54

Table legend: (Time is in decaauts)
 A = Elapsed time spent in this place.
 B = Non-inter-level travel time spent in this place.
 C = Inter-level travel time spent in this place.
 D = Time resting spent in this place.
 E = Time spent auto-exploring this place.
 F = Levels seen in this place.
 G = Mean time per level.
                   A        B        C        D        E       F      G
               +--------+--------+--------+--------+--------+-----+--------+
         Total |   1947 |   1779 |    168 |      0 |   1460 |   2 |  973.5 |
       Dungeon |   1947 |   1779 |    168 |      0 |   1460 |   2 |  973.5 |
               +--------+--------+--------+--------+--------+-----+--------+

Top non-repeatable levels by time:
     D:1: 1565 daAuts
     D:2: 382 daAuts
